 Dungeon Crawl Stone Soup version 0.22-a0-412-g2b68d14 (webtiles) character file.

22211 Serpenta the Covert (level 13, -10/81 HPs)
             Began as a Kobold Chaos Knight on May 11, 2018.
             Killed from afar by a gargoyle (15 damage)
             ... with a stone arrow
             ... in a volcano on May 12, 2018.
             The game lasted 01:06:33 (17277 turns).

Serpenta the Covert (Kobold Chaos Knight)          Turns: 17277, Time: 01:06:34

Health: -10/81     AC:  9    Str:  8    XL:     13   Next: 25%
Magic:  19/19      EV: 28    Int: 21    God:    Xom [.*....]
Gold:   839        SH:  0    Dex: 27    Spells: 15/20 levels left

rFire    + . .     SeeInvis .   a - +2 dagger (venom)
rCold    . . .     Gourm    .   (shield restricted)
rNeg     + . .     Faith    .   t - +2 leather armour of Pan-Flutes {Int+2}
rPois    .         Spirit   .   (helmet restricted)
rElec    .         Reflect  .   F - +0 cloak
rCorr    .         Harm     .   h - +2 pair of gloves
MR       .....                  (no boots)
Stlth    ++++++....             (no amulet)
HPRegen  0.23/turn              M - ring of protection from fire
MPRegen  0.16/turn              y - ring of Cablyud {god gift, rN+ Str-2 Int+3 Dex+7}

@: berserk cooldown, slowed, very slow
A: small, antennae 2, yellow scales 1, agile 1, carnivore, clever 1, deformed
body, robust 1, screaming 1, wild magic 1, MP-powered wands, sturdy frame 2
a: Renounce Religion


You were in a volcano.
You worshipped Xom.
You were a plaything of Xom.
You were full.

You visited 2 branches of the dungeon, and saw 15 of its levels.
You visited the Abyss 1 time.
You also visited: Labyrinth, Ossuary, Ice Cave and Volcano.

You collected 839 gold pieces.


Innate Abilities, Weirdness & Mutations

You are small and have problems with some larger weapons.
You are carnivorous and can eat meat at any time.
You have a pair of antennae on your head.
You are partially covered in yellow scales. (AC +2)
You are agile. (Dex +2)
Your mind is acute. (Int +2)
Armour fits poorly on your strangely shaped body.
You are robust. (+10% HP)
You occasionally shout uncontrollably at your foes.
Your spells are a little harder to cast, but a little more powerful.
You expend magic power (3 MP) to strengthen your wands.
Your movements are less encumbered by armour. (ER -4)


   Skills:
 + Level 6.2 Fighting
 - Level 10.0 Short Blades
 - Level 0.7 Armour
 - Level 12.5 Dodging
 - Level 12.8 Stealth
 - Level 4.0 Spellcasting
 - Level 12.1 Hexes
 + Level 4.7 Evocations


You had 15 spell levels left.
You knew the following spells:

 Your Spells              Type           Power        Failure   Level  Hunger
A - Ensorcelled Hibernat  Hex/Ice        #####.       3%          2    #......
B - Confuse               Hex            ######..     1%          3    ###....

Your spell library contained the following spells:

 Spells                   Type           Power        Failure   Level  Hunger
 Lightning Bolt           Conj/Air       #.........   98%         5    ######.
 Throw Frost              Conj/Ice       #.....       26%         2    #......
 Death's Door             Chrm/Necr      #.........   100%        8    #######
 Summon Small Mammal      Summ           #...         17%         1    None
 Haunt                    Necr/Summ      #.........   100%        7    #######
 Borgnjor's Revivificati  Necr           #.........   100%        8    #######
 Freeze                   Ice            #...         17%         1    None
 Summon Ice Beast         Ice/Summ       #.......     82%         4    ####...
 Ozocubu's Armour         Chrm/Ice       #.......     43%         3    ###....
 Call Imp                 Summ           #.......     26%         2    #......
 Regeneration             Chrm/Necr      #.........   43%         3    ###....
 Tukima's Dance           Hex            ######..     1%          3    ###....
 Shock                    Conj/Air       #...         17%         1    None
 Swiftness                Chrm/Air       #.......     26%         2    #......
 Necromutation            Tmut/Necr      #.........   100%        8    #######
 Throw Icicle             Conj/Ice       #.......     82%         4    ####...
 Airstrike                Air            #.........   82%         4    ####...
 Confusing Touch          Hex            ######       1%          1    None
 Call Canine Familiar     Summ           #.......     43%         3    ###....
 Metabolic Englaciation   Hex/Ice        #####.....   34%         5    ######.
 Static Discharge         Conj/Air       #.......     43%         3    ###....
 Corona                   Hex            ######.      1%          1    None
 Petrify                  Tmut/Erth      #.......     82%         4    ####...
 Shroud of Golubria       Chrm/Tloc      #.........   26%         2    #......
 Dazzling Spray           Conj/Hex       #####.       5%          3    ###....
 Infusion                 Chrm           #...         17%         1    None
 Song of Slaying          Chrm           #.......     26%         2    #......
 Spectral Weapon          Hex/Chrm       #####...     5%          3    ###....
 Summon Lightning Spire   Summ/Air       #.......     82%         4    ####...
 Summon Guardian Golem    Hex/Summ       #####...     5%          3    ###....
 Gell's Gravitas          Tloc           #.........   43%         3    ###....
 Yara's Violent Unravell  Hex/Tmut       #####.....   34%         5    ######.
 Infestation              Necr           #.........   100%        8    #######

Action                   |  1- 3 |  4- 6 |  7- 9 | 10-12 | 13-15 || total
-------------------------+-------+-------+-------+-------+-------++-------
Melee: Short sword       |   128 |   126 |   255 |       |       ||   509
       Dagger            |       |       |   276 |   456 |    94 ||   826
 Cast: Ensorcelled Hiber |       |       |    15 |   139 |    11 ||   165
       Confuse           |       |       |    17 |    52 |     2 ||    71
Evoke: Wand              |       |       |     2 |     9 |       ||    11
  Use: Scroll            |       |     5 |    11 |    10 |    10 ||    36
       Potion            |       |       |     3 |     3 |     5 ||    11
 Stab: Paralysed         |     1 |     4 |     2 |       |       ||     7
       Sleeping          |       |     7 |    18 |    99 |    11 ||   135
       Confused          |       |     1 |    15 |    41 |     2 ||    59
       Petrifying        |       |       |     2 |       |       ||     2
       Distracted        |       |       |     2 |     1 |       ||     3
       Invisible         |       |       |       |     1 |       ||     1
  Eat: Chunk             |     8 |     8 |    19 |    32 |     1 ||    68
Armor: Leather armour    |    52 |    13 |    98 |    62 |    16 ||   241
       Skin              |       |       |    16 |       |       ||    16
       Ring mail         |       |       |       |       |     1 ||     1
Dodge: Dodged            |    92 |    69 |   232 |   326 |   133 ||   852

Inventory:

Hand Weapons
 a - a +2 dagger of venom (weapon)
 n - the +8 long sword "Pitago" {slice, rN+ Str+4 Dex+3, unknown}
   (You found it in a labyrinth)

   It inflicts extra damage upon your enemies.
   It affects your strength (+4).
   It affects your dexterity (+3).
   It protects you from negative energy.
 w - the +10 scimitar "Ucoyla" {antimagic, Int-2 Dex+6}
   (You found it on level 11 of the Dungeon)

   It reduces the magical energy of the wielder, and disrupts the spells and
   magical abilities of those hit.
   Natural abilities and divine invocations are not affected.
   It affects your intelligence (-2).
   It affects your dexterity (+6).
Missiles
 o - 3 needles of sleeping {god gift}
Armour
 h - a +2 pair of gloves (worn)
 t - the +2 leather armour of Pan-Flutes (worn) {Int+2}
   (You found it on level 5 of the Dungeon)

   It affects your intelligence (+2).
 u - a +0 buckler
 B - +2 swamp dragon scales
 F - a +0 cloak (worn)
 J - a +0 helmet
 P - a +4 scale mail of fire resistance
 Q - a +0 ring mail of fire resistance
Jewellery
 b - an uncursed ring of protection from cold
 e - a +2 ring of protection
 j - the amulet of Asyfehy {RegenMP rN++ Str+4 Dex-2}
   (You found it in a labyrinth)

   [amulet of magic regeneration]

   It increases your magic regeneration.
   It affects your strength (+4).
   It affects your dexterity (-2).
   It greatly protects you from negative energy.
 m - an uncursed ring of resist corrosion
 q - a +2 ring of protection
 x - a +6 ring of strength
 y - the ring of Cablyud (right hand) {god gift, rN+ Str-2 Int+3 Dex+7}
   (Xom gifted it to you on level 7 of the Dungeon)

   [ring of intelligence]

   It affects your strength (-2).
   It affects your intelligence (+3).
   It affects your dexterity (+7).
   It protects you from negative energy.
 M - a ring of protection from fire (left hand)
Wands
 C - a wand of enslavement (44)
 E - a wand of acid (3)
 L - a wand of digging (30)
 N - a wand of flame (28)
Scrolls
 d - 14 scrolls of remove curse
 i - 6 scrolls of amnesia
 l - 13 scrolls of teleportation
 p - 3 scrolls of enchant armour
 r - 2 scrolls of immolation
 s - a scroll of identify
 D - 2 scrolls of fog
Potions
 f - 4 potions of flight
 g - 8 potions of haste
 k - 3 potions of mutation
 v - 2 potions of heal wounds
 z - 3 potions of curing
 A - a potion of might
 G - 2 potions of berserk rage
Miscellaneous
 H - a phantom mirror
 I - a phial of floods
 O - a lightning rod (4/4)
Comestibles
 c - 34 rations

§≈≈≈§§≈≈...........§.....≈§§≈≈≈§§
≈§S≈§≈≈.########+###### §§≈
§≈≈≈≈≈§.# #.# ≈ §≈§≈≈§§§# {∆∆ #.#
∆∆ §§§§§§§§# ∆∆{ #.# ∆∆∆
§§.§§≈≈.# ∆∆∆ #.# ∆∆∆ §§§§≈≈§.#
#.# ≈≈§≈§§≈.#.. #.# ≈≈≈≈≈≈≈§###
#@# ≈≈≈§§≈≈.# #.RE9.#{ ≈≈≈≈≈§≈.#
#C8_8.# ≈≈≈≈≈§≈§# .'.....+
≈§≈§≈§§§# ######### ≈≈§S≈≈ §§§§
§§ §≈


You could see a stone giant (fleeing), an efreet, a fire elemental and a
gargoyle.

Vanquished Creatures
  A minotaur (Lab)
  3 two-headed ogres
  The ghost of KlownO the Fighter, a novice GrEE (D:7)
  An ugly thing (D:10)
  Maurice (D:8)
  A black mamba (Lair:4)
  Joseph (D:10)
  8 spiny frogs
  A gargoyle (Volcano)
  A rime drake (Lair:2)
  A komodo dragon (Lair:2)
  A minotaur skeleton (Lab)
  2 ice devils (Lair:2)
  A troll (D:11)
  A blink frog (Abyss:3)
  Prince Ribbit (D:7)
  4 hippogriffs
  A redback (Lair:3)
  4 wraiths (D:10)
  A vampire (D:11)
  2 wyverns
  4 fire bats
  25 yaks
  A hungry ghost (D:9)
  2 basilisks
  Menkaure (Ossuary)
  The ghost of KlownO the Digger, an amateur GrEE (D:3)
  5 water moccasins
  5 porcupines
  A water moccasin (shapeshifter) (Lair:4)
  4 orc warriors
  2 sky beasts
  A black bear (D:5)
  An eye of draining (D:10)
  2 phantoms
  2 ogres
  3 wolves (Lair:2)
  4 centaurs
  4 crocodiles
  2 big kobolds (D:6)
  9 bullfrogs
  2 scorpions
  23 killer bees
  4 wights
  A howler monkey (D:6)
  A bullfrog zombie (D:8)
  4 crimson imps
  2 centaur zombies
  A quasit (D:8)
  5 orc priests
  4 hounds
  2 centaur skeletons
  4 iguanas
  Ijyb (D:4)
  8 worker ants
  Natasha (thrice) (D:2)
  4 orc wizards
  3 hound skeletons
  3 mummies
  A howler monkey zombie (D:8)
  7 adders
  3 gnolls (D:4)
  A howler monkey skeleton (D:6)
  16 white imps
  2 ufetubi (IceCv)
  An ooze (D:1)
  An adder skeleton (D:4)
  A worm (D:2)
  A dart slug (D:1)
  7 leopard geckos
  22 orcs
  A giant cockroach (D:1)
  10 goblins
  14 hobgoblins
  12 jackals
  A quokka (D:6)
  4 ball pythons
  7 bats
  4 frilled lizards
  4 gnoll skeletons (Ossuary)
  4 gnoll zombies (Ossuary)
  2 goblin skeletons (Ossuary)
  3 goblin zombies (Ossuary)
  A hobgoblin skeleton (Ossuary)
  4 hobgoblin zombies (Ossuary)
  19 kobolds
  3 kobold skeletons (Ossuary)
  3 kobold zombies (Ossuary)
  A leopard gecko skeleton (D:7)
  An orc skeleton (Ossuary)
  An orc zombie (Ossuary)
  A rat (shapeshifter) (D:1)
  5 rats (D:1)
  4 rat skeletons (Ossuary)
  A rat zombie (Ossuary)
  A plant (Lair:1)
366 creatures vanquished.

Vanquished Creatures (collateral kills)
  An orc wizard (D:10)
  A shadow imp (D:10)
2 creatures vanquished.

Vanquished Creatures (others)
  A reaper (IceCv)
  A centaur (D:10)
  A jelly (D:10)
  A mummy (Ossuary)
  A shadow imp (Abyss:3)
  4 white imps
  2 ufetubi (IceCv)
  A ball lightning (D:7)
  A gnoll skeleton (Ossuary)
  2 gnoll zombies (Ossuary)
  2 goblin skeletons (Ossuary)
  A hobgoblin skeleton (Ossuary)
  A kobold skeleton (Ossuary)
  A kobold zombie (Ossuary)
  3 orc skeletons (Ossuary)
  2 orc zombies (Ossuary)
  2 rat skeletons (Ossuary)
  4 rat zombies (Ossuary)
  3 fungi
34 creatures vanquished.

Grand Total: 402 creatures vanquished

Vault maps used:
D:1:      dpeg_arrival_more_subterranean_lakeside_camping,
          minmay_misc_feat_nine_boxes, minmay_tetromino_l4
D:2:      kb_forest_paths, chequers_ecumenical_altar_simple, uniq_natasha
D:3:      kennysheep_big_flooded_room, grunt_temple_overflow_holy_war,
          cheibriados_altar_1, nicolae_dithmenos_through_a_glass_darkly
D:4:      nicolae_ru_the_path_less_chosen, first_ration,
          kennysheep_generic_room_3, uniq_ijyb
D:5:      kennysheep_little_box
D:6:      cheibrodos_thug_alley, nicolae_overflow_crystal_walls, temple_doors_e
D:7:      uniq_prince_ribbit1
D:8:      kennysheep_mini, gup_ossuary_entry_pyramid, uniq_maurice
D:9:      grunt_gozag_statues, nemelex_xobeh_ov_fountains_minmay,
          david_nohive_1, serial_bayou_crossing
D:10:     minmay_crystal_room, minmay_guarded_unrand_finisher, uniq_joseph
D:11:     cheibrodos_frozen_isle, serial_shops, shop
Lair:1:   portal_ice_cave_entry_imps, beast_lair_carwin_6, uniq_fannar
Lair:2:   portal_ice_cave_demonic_guard, serial_bayou_pond_b,
          minmay_lair_oklob_items, nicolae_lair_grove_arrangements,
          lemuel_fruit_fields, serial_bayou_shore_b
Lair:3:   spider_nest_entry_webs
Lair:4:   swamp_mist_pool, nicolae_volcano_entry_batcave, lab_entry_generic,
          grunt_megastairs_4, uniq_sonja
Abyss:3:  doesnt_abyss_rune_brain_food
Lab:      nicolae_lab_blocks, labyrinth_fake_exit, nicolae_lab_t_cross,
          nicolae_lab_do_over, nicolae_lab_lava, nicolae_lab_very_dead_end,
          nicolae_lab_arrow, nicolae_lab_hexagon
Ossuary:  ossuary_due_pyramid
IceCv:    ice_cave_small_demon
Volcano:  volcano_lake


Message History

The gargoyle hits you with a morningstar.
* * * LOW HITPOINT WARNING * * *
The fire elemental barely misses you.
The efreet hits you with a scimitar of flaming.
* * * LOW HITPOINT WARNING * * *
You can move again.
Unknown command.
Unknown command.
As you read the scroll of fear, it crumbles to dust.
You assume a fearsome visage.
The fire elemental is unaffected.
The stone giant looks frightened!
The efreet is unaffected.
The gargoyle is unaffected.
The fire elemental closely misses you.
The gargoyle hits you with a morningstar.
* * * LOW HITPOINT WARNING * * *
The efreet completely misses you.
The fire elemental completely misses you.
The gargoyle hurls a stone arrow at you.
The stone arrow hits you!
You die...
Xom titters!

Notes
Turn   | Place    | Note
-------+----------+-------------------------------------------
     0 | D:1      | Serpenta the Kobold Chaos Knight began the quest for the Orb.
     0 | D:1      | Reached XP level 1. HP: 14/14 MP: 1/1
    96 | D:1      | Reached XP level 2. HP: 10/19 MP: 2/2
   616 | D:1      | Reached XP level 3. HP: 23/23 MP: 3/3
   705 | D:1      | Reached skill level 5 in Short Blades
   828 | D:1      | Reached XP level 4. HP: 28/28 MP: 4/4
   934 | D:1      | XOM: cloud trail
   965 | D:1      | XOM: harmless Conj miscast
  1041 | D:2      | Noticed Natasha
  1056 | D:2      | XOM: butterfly on damage
  1058 | D:2      | Killed Natasha
  1058 | D:2      | Reached skill level 1 in Stealth
  1542 | D:2      | Noticed Natasha
  1561 | D:2      | XOM: confusion (+ monsters)
  1574 | D:2      | Killed Natasha
  1574 | D:2      | Reached XP level 5. HP: 22/32 MP: 5/5
  1676 | D:2      | Found a faded altar of an unknown god.
  2113 | D:2      | XOM: cloud trail
  2332 | D:2      | XOM: scenery: create altars
  2434 | D:2      | Noticed Natasha
  2452 | D:2      | Killed Natasha
  2700 | D:3      | Found a snail-covered altar of Cheibriados.
  2757 | D:3      | Noticed KlownO's ghost (amateur GrEE)
  2785 | D:3      | XOM: enchant monster (good)
  2853 | D:4      | Noticed Ijyb
  2993 | D:4      | Reached XP level 6. HP: 31/37 MP: 6/6
  3064 | D:4      | Learned a level 2 spell: Ensorcelled Hibernation
  3068 | D:4      | Learned a level 3 spell: Confuse
  3100 | D:4      | Reached skill level 1 in Hexes
  3116 | D:4      | XOM: god gift: lajatang {god gift}
  3199 | D:4      | Found a sacrificial altar of Ru.
  3326 | D:5      | Entered Level 5 of the Dungeon
  3336 | D:5      | Noticed a black bear
  3339 | D:5      | Killed a black bear
  3431 | D:5      | Reached skill level 5 in Stealth
  3431 | D:5      | Reached XP level 7. HP: 41/41 MP: 7/7
  3437 | D:5      | Found an ancient bone altar of Kikubaaqudgha.
  3469 | D:5      | Got a twisted leather armour
  3480 | D:5      | Identified the +2 leather armour of Pan-Flutes {Int+2} (You found it on level 5 of the Dungeon)
  3538 | D:5      | XOM: harmless Erth miscast
  3852 | D:3      | XOM: smoke on damage
  3992 | D:4      | XOM: mild Fire miscast
  4133 | D:3      | Found a shadowy altar of Dithmenos.
  4285 | D:4      | XOM: medium Chrm miscast
  4556 | D:5      | XOM: summons 3 hostile shadow creatures
  4879 | D:6      | XOM: give mutation
  4879 | D:6      | Gained mutation: You are clumsy. (Dex -2) [Xom's mischief]
  4881 | D:6      | XOM: swap monsters
  5081 | D:6      | XOM: harmless Erth miscast
  5484 | D:6      | Found a hazy altar of Hepliaklqana.
  5566 | D:6      | XOM: give mutations
  5566 | D:6      | Gained mutation: You evolve. [Xom's mischief]
  5566 | D:6      | Gained mutation: You are weak. (Str -2) [Xom's mischief]
  5566 | D:6      | Gained mutation: You occasionally shout uncontrollably at your foes. [Xom's mischief]
  5566 | D:6      | Gained mutation: Armour fits poorly on your strangely shaped body. [Xom's mischief]
  5625 | D:6      | Found a staircase to the Ecumenical Temple.
  5713 | D:6      | Reached XP level 8. HP: 42/46 MP: 8/8
  5776 | D:6      | XOM: give mutations
  5776 | D:6      | Gained mutation: Your spells are a little harder to cast, but a little more powerful. [Xom's grace]
  5776 | D:6      | Gained mutation: You expend magic power (3 MP) to strengthen your wands. [Xom's grace]
  5776 | D:6      | Gained mutation: You have a pair of small antennae on your head. [Xom's grace]
  5776 | D:6      | Lost mutation: You are clumsy. (Dex -2) [Xom's grace]
  5842 | D:6      | XOM: scenery: create altars
  5974 | D:6      | XOM: smoke on damage
  6014 | D:6      | Reached skill level 5 in Hexes
  6227 | D:6      | XOM: god gift: scroll labeled KULEX UCARPH {god gift}
  6231 | D:6      | XOM: scenery: create altars
  6318 | D:6      | XOM: scenery: create altars
  6438 | D:7      | Noticed Prince Ribbit
  6497 | D:6      | XOM: confuse monster(s)
  6564 | D:6      | XOM: give mutations
  6564 | D:6      | Lost mutation: You are weak. (Str -2) [Xom's grace]
  6564 | D:6      | Gained mutation: Your spells are harder to cast, but more powerful. [Xom's grace]
  6645 | D:4      | Killed Ijyb
  6873 | D:4      | XOM: give mutations
  6873 | D:4      | Gained mutation: Your mind is acute. (Int +2) [Xom's grace]
  6873 | D:4      | Gained mutation: Your mind is very acute. (Int +4) [Xom's grace]
  6873 | D:4      | Gained mutation: You are agile. (Dex +2) [Xom's grace]
  7024 | D:3      | Found a basalt altar of Yredelemnul.
  7026 | D:3      | Noticed a profane servitor
  7038 | D:3      | Found a glowing golden altar of the Shining One.
  7040 | D:3      | Noticed an angel
  7106 | D:3      | Killed KlownO's ghost
  7419 | D:7      | XOM: 1-stop teleportation journey
  7471 | D:8      | XOM: give mutations
  7471 | D:8      | Gained mutation: Your movements are slightly less encumbered by armour. (ER -2) [Xom's grace]
  7471 | D:8      | Gained mutation: You are partially covered in yellow scales. (AC +2) [Xom's grace]
  7471 | D:8      | Gained mutation: You are robust. (+10% HP) [Xom's grace]
  7471 | D:8      | Gained mutation: Your movements are less encumbered by armour. (ER -4) [Xom's grace]
  7483 | D:8      | Found a shadowy altar of Dithmenos.
  7499 | D:8      | Noticed a two-headed ogre
  7506 | D:8      | XOM: potion effect (haste)
  7509 | D:8      | XOM: butterfly on damage
  7516 | D:8      | Killed a two-headed ogre
  7516 | D:8      | Reached XP level 9. HP: 30/56 MP: 3/15
  7565 | D:8      | Found a sand-covered staircase.
  7570 | D:8      | XOM: destruction
  7586 | Ossuary  | Entered an ossuary
  7881 | Ossuary  | XOM: 2-stop teleportation journey
  8135 | Ossuary  | Noticed Menkaure
  8138 | Ossuary  | XOM: confuse monster(s)
  8144 | Ossuary  | Killed Menkaure
  8163 | Ossuary  | XOM: scenery: create altars
  8206 | Ossuary  | XOM: god gift: 3 needles of sleeping {god gift}
  8368 | D:7      | XOM: 2-stop teleportation journey
  8371 | D:7      | XOM: god gift: scintillating pewter ring {god gift}
  8372 | D:7      | XOM: enchant monster (good)
  8484 | D:7      | Got a scintillating pewter ring {god gift}
  8540 | D:6      | Identified the ring of Cablyud {god gift, rN+ Str-2 Int+3 Dex+7} (Xom gifted it to you on level 7 of the Dungeon)
  8701 | D:7      | XOM: harmless Tloc miscast
  8711 | D:7      | Killed Prince Ribbit
  8742 | D:7      | XOM: severe Air miscast
  8909 | D:7      | Noticed KlownO's ghost (novice GrEE)
  8915 | D:7      | Killed KlownO's ghost
  8915 | D:7      | Reached XP level 10. HP: 61/61 MP: 12/16
  9623 | D:8      | Reached skill level 10 in Short Blades
  9698 | D:8      | XOM is BORED!
  9698 | D:8      | XOM: torment (35/61 hp)
  9731 | D:8      | Noticed Maurice
  9793 | D:8      | Killed Maurice
  9793 | D:8      | Reached skill level 10 in Hexes
 10338 | D:9      | wth
 10338 | D:9      | a bee hive and random bee spawns
 10338 | D:9      | too many B's in this Bullshit
 10491 | D:9      | Found an opulent altar of Gozag.
 10562 | D:9      | XOM: severe Hex miscast
 10887 | D:9      | XOM: swap monsters
 11170 | D:9      | Lost mutation: Your mind is very acute. (Int +4) [evolution]
 11170 | D:9      | Lost mutation: You evolve. [end of evolution]
 11355 | D:9      | XOM: potion effect (invisibility)
 11363 | D:9      | XOM: harmless Ice miscast
 11405 | D:9      | Found a sparkling altar of Nemelex Xobeh.
 11411 | D:9      | Reached XP level 11. HP: 66/66 MP: 7/17
 11509 | D:10     | Entered Level 10 of the Dungeon
 11514 | D:10     | again bees?!
 11649 | D:10     | XOM: enchant monster (good)
 11654 | D:10     | Noticed a two-headed ogre
 11655 | D:10     | XOM: cleaving
 11657 | D:10     | XOM: fog
 11661 | D:10     | XOM: scenery: create altars
 11673 | D:10     | XOM: divination: detect creatures
 11678 | D:10     | Killed a two-headed ogre
 11770 | D:10     | XOM: mild Erth miscast
 11808 | D:10     | XOM: summons 2 friendly demons
 11914 | D:10     | XOM: 2-stop teleportation journey
 11920 | D:10     | XOM: scenery: create altars
 11925 | D:10     | XOM: divination: magic mapping
 11930 | D:10     | XOM: scenery: create altars
 11931 | D:10     | XOM: cleaving
 11934 | D:10     | Reached skill level 5 in Dodging
 11946 | D:10     | XOM: cast spell 'Chain of Chaos'
 11954 | D:10     | XOM: summons 3 friendly demons
 12011 | D:10     | XOM: scenery: create altars
 12065 | D:10     | XOM: cloud trail
 12091 | D:10     | XOM: 3-stop teleportation journey
 12092 | D:10     | Noticed Joseph
 12092 | D:10     | Noticed a two-headed ogre
 12101 | D:10     | XOM: confuse monster(s)
 12117 | D:10     | Killed a two-headed ogre
 12141 | D:10     | Killed Joseph
 12156 | D:10     | XOM: destruction
 12177 | D:10     | XOM: destruction
 12220 | D:10     | XOM: fake destruction
 12222 | D:10     | XOM: cleaving
 12345 | D:10     | XOM: scenery: create altars
 12352 | D:10     | XOM: cast spell 'Chain of Chaos'
 12361 | D:10     | XOM: summons friendly ufetubus
 12460 | D:10     | XOM is BORED!
 12460 | D:10     | XOM: give mutations
 12460 | D:10     | Lost mutation: Your spells are harder to cast, but more powerful. [Xom's mischief]
 12460 | D:10     | Gained mutation: You have a pair of antennae on your head. [Xom's mischief]
 12480 | D:10     | Found the +5 scythe "Finisher" {speed, Str+3}
 12512 | D:10     | Noticed a cyan ugly thing
 12524 | D:10     | Killed a cyan ugly thing
 12632 | D:10     | XOM: god gift: runed battleaxe {god gift}
 12697 | D:10     | Reached skill level 10 in Dodging
 12878 | D:11     | Found Rolit's Antique Armour Shop.
 12887 | D:11     | Found a staircase to the Lair.
 12893 | D:11     | Got a smoking scimitar
 12894 | D:11     | Identified the +10 scimitar "Ucoyla" {antimagic, Int-2 Dex+6} (You found it on level 11 of the Dungeon)
 12895 | D:11     | hmm
 12895 | D:11     | will be good against oofs (if i live till zot)
 12913 | D:11     | Reached XP level 12. HP: 70/70 MP: 5/18
 13005 | D:11     | XOM: summons 4 hostile demons
 13154 | D:11     | Reached skill level 10 in Stealth
 13161 | D:11     | XOM is BORED!
 13271 | D:11     | Noticed a four-headed hydra
 13317 | D:11     | XOM: smoke on damage
 13464 | Lair:1   | Entered Level 1 of the Lair of Beasts
 13474 | Lair:1   | XOM: cast spell 'Disjunction'
 13583 | Lair:1   | Noticed an eight-headed hydra
 13586 | Lair:1   | XOM: polymorph hippogriff -> something unseen
 13796 | Lair:1   | Upgraded the game from 0.22-a0-410-g97be04f to 0.22-a0-412-g2b68d14
 13852 | Lair:1   | XOM: divination: magic mapping
 13891 | Lair:1   | XOM: divination: magic mapping
 13894 | Lair:1   | XOM: harmless Conj miscast
 13959 | Lair:1   | Found a frozen archway.
 14024 | Lair:1   | XOM: harmless Hex miscast
 14108 | Lair:1   | XOM: fog
 14252 | Lair:1   | XOM: scenery: 1 doors open
 14362 | Lair:1   | XOM: cloud trail
 14498 | Lair:1   | XOM: scenery: create altars
 14509 | Lair:1   | XOM: cast spell 'Summon Ice Beast'
 14514 | Lair:1   | XOM: fog
 14561 | Lair:1   | XOM: confuse monster(s)
 14752 | Lair:1   | Noticed Fannar
 14782 | Lair:1   | XOM: divination: magic mapping
 14793 | Lair:1   | XOM: polymorph ice beast -> acid dragon
 14859 | Lair:2   | Noticed a four-headed hydra
 15000 | Lair:2   | Noticed a six-headed hydra
 15014 | Lair:2   | XOM: summons friendly ufetubus
 15083 | Lair:2   | Found a frozen archway.
 15112 | IceCv    | Entered an ice cave
 15165 | IceCv    | Killed a reaper
 15302 | IceCv    | XOM: scenery: create altars
 15530 | Lair:2   | XOM: mild Tmut miscast
 15533 | Lair:2   | XOM: chaos cloud
 15544 | Lair:2   | XOM: swap monsters
 15812 | Lair:3   | Found a hole to the Spider Nest.
 15836 | Lair:3   | Reached XP level 13. HP: 77/77 MP: 19/19
 16171 | Lair:3   | XOM: mild Fire miscast
 16220 | Lair:3   | Reached skill level 1 in Evocations
 16531 | Lair:4   | Found a labyrinth entrance.
 16540 | Lab      | Entered a labyrinth
 16572 | Lab      | XOM: severe Tloc miscast
 16572 | Lab      | Cast into level 3 of the Abyss (the severe capriciousness of Xom)
 16639 | Abyss:3  | Noticed a starcursed mass
 16651 | Abyss:3  | XOM: butterfly on damage
 16657 | Abyss:3  | XOM: confusion
 16716 | Abyss:3  | XOM: summons 1 hostile demon
 16765 | Abyss:3  | Found a hazy altar of Hepliaklqana.
 16779 | Abyss:3  | XOM: summons 2 friendly demons
 16815 | Abyss:3  | Reached skill level 5 in Fighting
 16855 | Lab      | Escaped the Abyss
 16898 | Lab      | Got a flickering garnet amulet
 16902 | Lab      | Identified the amulet of Asyfehy {RegenMP rN++ Str+4 Dex-2} (You found it in a labyrinth)
 16904 | Lab      | XOM: medium Necr miscast
 16996 | Lab      | Noticed a minotaur
 17004 | Lab      | Killed a minotaur
 17006 | Lab      | Got a pitted long sword
 17068 | Lair:4   | Found a dark tunnel.
 17068 | Lair:4   | XOM: polymorph fire bat -> water moccasin
 17087 | Volcano  | Entered a volcano
 17142 | Volcano  | XOM: god gift: scroll of noise {god gift}
 17234 | Volcano  | Found a burning altar of Makhleb.
 17259 | Volcano  | XOM: enchant monster (bad)
 17269 | Volcano  | XOM: noise
 17274 | Volcano  | Noticed a stone giant
 17276 | Volcano  | XOM: divination: detect items
 17277 | Volcano  | Killed from afar by a gargoyle
